 Dungeon Crawl Stone Soup version 0.30-a0-263-ge22c4ad894 (webtiles) character file.

Game seed: 17707472209203313609

203 sscrono2 the Sneak (level 5, -27/36 HPs)
             Began as an Octopode Delver on Oct 13, 2022.
             Annihilated by an ogre
             ... wielding a +0 giant spiked club
              (30 damage)
             ... on level 5 of the Dungeon.
             The game lasted 00:01:15 (455 turns).

sscrono2 the Sneak (Octopode Delver)                 Turns: 455, Time: 00:01:16

Health: -27/36     AC:  1    Str: 14    XL:     5   Next: 81%
Magic:  5/5        EV: 13    Int: 12    God:
Gold:   25         SH:  0    Dex: 13    Spells: 4/4 levels left

rFire   . . .      SeeInvis .    c - +2 short sword (elec)
rCold   . . .      Faith    .    (no shield)
rNeg    . . .      Spirit   .    (helmet restricted)
rPois   .          Reflect  .    (no amulet)
rElec   .          Harm     .    (no ring)
rCorr   .          Rampage  .    (no ring)
Will    .....                    (no ring)
Stlth   ++++......               (no ring)
HPRegen 0.26/turn                (no ring)
MPRegen 0.09/turn                (no ring)
                                 (no ring)
                                 (no ring)

@: no status effects
A: almost no armour, amphibious, 8 rings, camouflage 1, gelatinous body 1,
(nimble swimmer 1), tentacles
a: no special abilities


You were on level 5 of the Dungeon.
You visited 1 branch of the dungeon, and saw 1 of its levels.

You collected 25 gold pieces.

Inventory:

Hand Weapons
 c - a +2 short sword of electrocution (weapon)
Wands
 e - a wand of digging (3)
Scrolls
 a - a scroll of fog
 b - a scroll of magic mapping
 f - a scroll of blinking {unknown}


   Skills:
 - Level 3.0 Fighting
 + Level 0.0 Short Blades
 - Level 2.0 Dodging
 - Level 6.6 Stealth
 * Level 5.8 Unarmed Combat


You had 4 spell levels left.
You didn't know any spells.
Your spell library was empty.

Dungeon Overview and Level Annotations

Branches:
Dungeon (5/15)
 Temple: D:4-7

Altars:
Hepliaklqana


Innate Abilities, Weirdness & Mutations

You cannot wear most types of armour.
You are amphibious.
You can wear up to eight rings at the same time.
Your skin changes colour to match your surroundings (Stealth+).
Your rubbery body absorbs attacks. (AC +1, EV +1)
((You are camouflaged when in or above water. (Stealth+)))
You have tentacles for arms and can constrict up to eight enemies at once.


Message History

Found a robe and 17 gold pieces.
A black bear comes into view.
Found 15 gold pieces.
You see here 15 gold pieces.
You hit the black bear.
Lightning courses through the black bear!
You grab the black bear. You tentacle-slap the black bear.
The black bear is almost dead.
You constrict the black bear. The black bear bites you.
The black bear closely misses you. The black bear barely misses you.
You hit the black bear but do no damage.
The black bear is almost dead.
You constrict the black bear. The black bear closely misses you.
The black bear claws you. x2
You hit the black bear but do no damage.
Lightning courses through the black bear!
You kill the black bear!
You have reached level 5!
You feel stronger.
You see here a black bear corpse.
An ogre comes into view. It is wielding a +0 giant spiked club.
The ogre shouts!
Okay, then.
You see here a black bear corpse.
You see here 15 gold pieces.
You barely miss the ogre. The ogre barely misses you.
You hit the ogre.
The ogre is lightly wounded.
The ogre hits you with a +0 giant spiked club!!
Ouch! That really hurt!
* * * LOW HITPOINT WARNING * * *
Unknown command.
You hit the ogre.
The ogre is moderately wounded.
Unknown command.
You barely miss the ogre. Your squeeze misses the ogre.
The ogre is moderately wounded.
The ogre hits you with a +0 giant spiked club!!
Ouch! That really hurt!
You die...

##...#.# ##.##.# #
#.##.# .# #.##.#
###.#
####.##.###.#.#
.............[#
$.......#.....#
####.####.#.### #.
#.#@# # #.#O#
#.#.# #.#$# ..#.#
#.#†# #...####.#.#
#.......#.#
....####.#########
#.................


You could see an ogre.

Vanquished Creatures
  A black bear (D:5)
  An orc priest (D:5)
  An iguana (D:5)
  2 orc wizards (D:5)
  5 orcs (D:5)
10 creatures vanquished.

Notes
Turn   | Place    | Note
-------+----------+-------------------------------------------
     0 | D:5      | sscrono2 the Octopode Delver began the quest for the Orb.
     0 | D:5      | Reached XP level 1. HP: 16/16 MP: 1/1
    65 | D:5      | Noticed an orc wizard
    66 | D:5      | Noticed an orc wizard
   126 | D:5      | Killed an orc wizard
   127 | D:5      | Reached XP level 2. HP: 18/21 MP: 2/2
   127 | D:5      | Reached XP level 3. HP: 22/26 MP: 3/3
   183 | D:5      | Reached XP level 4. HP: 26/31 MP: 4/4
   251 | D:5      | Found a hazy altar of Hepliaklqana.
   282 | D:5      | Reached skill level 5 in Unarmed Combat
   333 | D:5      | Noticed a black bear
   341 | D:5      | Killed a black bear
   342 | D:5      | Reached XP level 5. HP: 22/36 MP: 5/5
   420 | D:5      | Noticed an ogre
   455 | D:5      | Annihilated by an ogre

Illustrated notes

Levels and vault maps discovered:
D:5:      cheibrodos_iron_armory, layout_loops_ring,
          nicolae_hepliaklqana_hippocampus, uniq_pikel

Skill      XL: |  1  2  3  4 |
---------------+-------------+-----
Unarmed Combat | 3 4 5 |  5.8
Fighting       | |  3.0
Dodging        | |  2.0
Stealth        | |  6.6

Action                   |  1- 3 |  4- 6 || total
-------------------------+-------+-------++-------
Melee: Unarmed           |    20 |     2 ||    22
       Constrict         |     7 |     3 ||    10
       Tentacles         |     4 |       ||     4
       Punch             |     1 |     1 ||     2
       Short sword       |       |    12 ||    12
  Use: Scroll            |     1 |       ||     1
       Potion            |     1 |       ||     1
 Stab: Sleeping          |       |     1 ||     1
Armor: Skin              |     2 |       ||     2
Dodge: Dodged            |     5 |     8 ||    13

Table legend: (Time is in decaauts)
 A = Elapsed time spent in this place.
 B = Non-inter-level travel time spent in this place.
 C = Inter-level travel time spent in this place.
 D = Time resting spent in this place.
 E = Time spent auto-exploring this place.
 F = Levels seen in this place.
 G = Mean time per level.
                   A        B        C        D        E       F      G
               +--------+--------+--------+--------+--------+-----+--------+
         Total |    434 |    434 |      0 |      4 |    282 |   1 |  434.0 |
       Dungeon |    434 |    434 |      0 |      4 |    282 |   1 |  434.0 |
               +--------+--------+--------+--------+--------+-----+--------+

Top non-repeatable levels by time:
     D:5: 434 daAuts
